 Dungeon Crawl Stone Soup version 0.26.0-10-g1f06aea511 (webtiles) character file.

Game seed: 13519585828626403503

13092 HoaS the Grappler (level 12, -1/103 HPs)
             Began as a Ghoul Gladiator on Jan 23, 2021.
             Was an Elder of Makhleb.
             Slain by a merfolk
             ... wielding a +0 trident
              (6 damage)
             ... on level 2 of the Lair of Beasts.
             The game lasted 00:20:25 (10848 turns).

HoaS the Grappler (Ghoul Gladiator)                Turns: 10848, Time: 00:20:26

Health: -1/103     AC: 14    Str: 23    XL:     12   Next: 2%
Magic:  11/11      EV: 15    Int:  6    God:    Makhleb [****..]
Gold:   954        SH:  5    Dex: 13    Spells: 11/11 levels left

rFire    . . .     SeeInvis .     - Unarmed
rCold    + . .     Faith    .   (no shield)
rNeg     + + +     Spirit   .   r - +4 ring mail of Iborph {Str+3 Int+3}
rPois    ∞         Reflect  +   b - +1 helmet
rElec    .         Harm     .   (no cloak)
rCorr    .         Rampage  .   (no gloves)
Will     .....                  p - +0 pair of boots
Stlth    +.........             l - amulet of reflection
HPRegen  0.00/turn              (no ring)
MPRegen  0.12/turn              (no ring)

@: no status effects
A: claws 1, cold resistance 1, negative energy resistance 3, inhibited
regeneration, torment resistance, unbreathing
a: Renounce Religion, Minor Destruction, Lesser Servant of Makhleb, Major
Destruction


You were on level 2 of the Lair of Beasts.
You worshipped Makhleb.
Makhleb was greatly pleased with you.
You visited 3 branches of the dungeon, and saw 13 of its levels.

You collected 954 gold pieces.

Inventory:

Missiles
 c - 10 throwing nets
 h - 6 javelins
 j - 44 poisoned darts
 n - 10 curare-tipped darts
 t - 15 boomerangs
 y - 3 atropa-tipped darts
Armour
 b - a +1 helmet (worn)
 p - a +0 pair of boots (worn)
 r - the +4 ring mail of Iborph (worn) {Str+3 Int+3}
   (You found it on level 4 of the Dungeon)

   It affects your strength (+3).
   It affects your intelligence (+3).
 x - a +0 plate armour
Jewellery
 l - an amulet of reflection (around neck)
 s - an uncursed ring of ice
Wands
 w - a wand of flame (41) (quivered)
 z - a wand of paralysis (9)
 B - a wand of polymorph (9)
Scrolls
 d - 6 scrolls of teleportation
 e - 8 scrolls of remove curse
 g - a scroll of fear
 i - a scroll of identify
 k - a scroll of fog
Potions
 a - 5 potions of ambrosia
 f - 5 potions of curing
 m - 2 potions of haste
 o - a potion of resistance
 q - 2 potions of attraction
 u - 5 potions of heal wounds
 v - a potion of might
 A - a potion of cancellation
 C - 2 potions of flight


   Skills:
 + Level 8.9 Fighting
 - Level 1.7 Throwing
 + Level 7.1 Armour
 + Level 7.8 Dodging
 + Level 14.2 Unarmed Combat


You had 11 spell levels left.
You didn't know any spells.
Your spell library was empty.

Dungeon Overview and Level Annotations

Branches:
Dungeon (10/15)            Temple (1/1) D:4            Lair (2/6) D:8
 Shoals (0/4) Lair:2          Orc (0/2) D:10
  Snake: Lair:2-4    Spider: Lair:2-4

Altars:
Ashenzari
Cheibriados
Dithmenos
Elyvilon
Fedhas
Gozag
Hepliaklqana
Kikubaaqudgha
Makhleb
Nemelex Xobeh
Okawaru
Qazlal
Ru
Sif Muna
Trog
Uskayaw
Vehumet
Wu Jian
Xom
Yredelemnul
Zin
The Shining One


Innate Abilities, Weirdness & Mutations

You thrive by killing the living.
You are immune to poison.
You have sharp fingernails.
Your flesh is cold resistant. (rC+)
You are immune to negative energy. (rN+++)
You do not regenerate when monsters are visible.
You are immune to unholy pain and torment.
You can survive without breathing.


Message History

The weapon returns to the merfolk!
The merfolk throws a boomerang.
You reflect the boomerang off an invisible shield around you!
The boomerang barely misses the merfolk.
The weapon returns to the merfolk!
The merfolk closely misses you. The merfolk closely misses you.
You miss the merfolk.
The merfolk is lightly wounded.
The merfolk barely misses you.
You scratch the merfolk but do no damage.
The merfolk is lightly wounded.
You mangle the merfolk!! You claw the merfolk.
The merfolk is heavily wounded.
The merfolk hits you with a +0 trident!
* * * LOW HITPOINT WARNING * * *
You claw the merfolk!
The merfolk is severely wounded.
The merfolk hits you with a +0 trident.
You die...

#...## # .##...P.#.#
##..### ###..........
##...≈.# ###m≈..........
#...#.≈≈≈# #≈m≈.#.........
###.#...≈≈≈≈≈.mm##..##..#.
#...###..#>#..####P.......
##P...###...###...........
#PP....#####.............
##.PP.P#@m.#......##P.##.
##.......................
#........................
###########.########.#P.#
### #####


You could see a merfolk.

Vanquished Creatures
  Gastronok (Lair:2)
  Fannar (Lair:1)
  A two-headed ogre (D:10)
  2 cane toads (Lair:2)
  4 komodo dragons
  A rime drake (Lair:1)
  A polar bear (Lair:1)
  2 wyverns
  9 yaks
  A basilisk (D:8)
  3 water moccasins
  3 black bears
  2 ice beasts
  2 swamp drakes
  4 orc warriors
  3 sky beasts
  A necrophage (D:10)
  6 wolves (Lair:2)
  5 ogres
  A phantom (D:6)
  5 centaurs
  9 bullfrogs
  6 gnoll sergeants
  A scorpion (D:10)
  5 wights (D:6)
  3 killer bees (D:9)
  2 electric eels (D:7)
  A bullfrog zombie (D:6)
  5 hounds
  3 jellies
  11 orc priests
  2 bullfrog skeletons
  2 centaur skeletons
  A gnoll shaman (D:7)
  14 orc wizards
  4 iguanas
  6 worker ants
  2 hound skeletons
  A mummy (D:7)
  2 howler monkey zombies
  19 gnolls
  11 adders
  A shadow imp (D:5)
  5 white imps
  2 ufetubi
  2 oozes
  3 adder skeletons
  An adder zombie (D:9)
  4 worms
  The ghost of AmberJosephineLiu the Sneak, a weakling NaDe (D:6)
  2 dart slugs
  5 leopard geckos
  50 orcs
  5 giant cockroaches
  5 goblins
  7 hobgoblins
  18 jackals
  4 quokkas
  2 ball pythons
  A ball python skeleton (D:5)
  2 bats (D:3)
  9 frilled lizards
  14 kobolds
  A quokka skeleton (D:6)
  8 rats
320 creatures vanquished.

Vanquished Creatures (others)
  A gnoll (D:7)
  An orc (D:10)
  3 fungi (Lair:2)
  2 plants (Lair:2)
7 creatures vanquished.

Grand Total: 327 creatures vanquished

Notes
Turn   | Place    | Note
-------+----------+-------------------------------------------
     0 | D:1      | HoaS the Ghoul Gladiator began the quest for the Orb.
     0 | D:1      | Reached XP level 1. HP: 17/17 MP: 0/0
   189 | D:1      | Reached XP level 2. HP: 20/24 MP: 1/1
   193 | D:1      | Reached skill level 4 in Unarmed Combat
   533 | D:1      | Reached XP level 3. HP: 29/29 MP: 2/2
   892 | D:2      | Reached skill level 5 in Unarmed Combat
   892 | D:2      | Reached XP level 4. HP: 14/36 MP: 3/3
  1880 | D:3      | Reached skill level 6 in Unarmed Combat
  1880 | D:3      | Reached XP level 5. HP: 33/41 MP: 4/4
  2209 | D:3      | Found an ancient bone altar of Kikubaaqudgha.
  2209 | D:3      | Noticed a human
  2559 | D:4      | Reached skill level 7 in Unarmed Combat
  2564 | D:4      | Reached XP level 6. HP: 33/48 MP: 5/5
  2568 | D:4      | Got a scorched ring mail
  2569 | D:4      | Identified the +4 ring mail of Iborph {Str+3 Int+3} (You
                  | found it on level 4 of the Dungeon)
  2592 | D:4      | Found a staircase to the Ecumenical Temple.
  2677 | D:4      | You fall into a shaft and drop 2 floors!
  2693 | D:5      | Entered Level 5 of the Dungeon
  2837 | D:5      | Reached skill level 8 in Unarmed Combat
  2837 | D:5      | Reached XP level 7. HP: 26/55 MP: 6/6
  3220 | D:4      | Reached skill level 9 in Unarmed Combat
  3962 | Temple   | Entered the Ecumenical Temple
  4255 | Temple   | Became a worshipper of Makhleb the Destroyer
  4753 | D:5      | Reached skill level 10 in Unarmed Combat
  4753 | D:5      | Reached XP level 8. HP: 61/61 MP: 7/7
  5487 | D:6      | Found a white marble altar of Elyvilon.
  5528 | D:6      | Reached skill level 11 in Unarmed Combat
  5574 | D:6      | Found a runed translucent door.
  5606 | D:6      | Reached * piety under Makhleb
  5642 | D:6      | Reached skill level 12 in Unarmed Combat
  5652 | D:6      | Reached XP level 9. HP: 57/68 MP: 8/8
  5681 | D:6      | Reached skill level 1 in Armour
  5870 | D:6      | Noticed AmberJosephineLiu's ghost (weakling NaDe)
  5891 | D:6      | Killed AmberJosephineLiu's ghost
  6003 | D:7      | Reached ** piety under Makhleb
  6418 | D:7      | Found a snail-covered altar of Cheibriados.
  7089 | D:8      | Reached skill level 5 in Fighting
  7306 | D:8      | Reached XP level 10. HP: 81/81 MP: 9/9
  7340 | D:8      | Reached *** piety under Makhleb
  7341 | D:8      | Reached skill level 5 in Dodging
  7414 | D:8      | Found a staircase to the Lair.
  7731 | D:7      | Reached skill level 13 in Unarmed Combat
  8203 | D:9      | Reached **** piety under Makhleb
  8478 | D:9      | Reached skill level 5 in Armour
  8953 | D:10     | Entered Level 10 of the Dungeon
  9009 | D:10     | Noticed a two-headed ogre
  9028 | D:10     | Killed a two-headed ogre
  9029 | D:10     | Reached XP level 11. HP: 92/92 MP: 10/10
  9416 | D:10     | Found a staircase to the Orcish Mines.
  9761 | Lair:1   | Entered Level 1 of the Lair of Beasts
  9824 | Lair:1   | Noticed Fannar
  9848 | Lair:1   | Killed Fannar
 10559 | Lair:2   | Noticed Gastronok
 10573 | Lair:2   | Killed Gastronok
 10574 | Lair:2   | Reached skill level 14 in Unarmed Combat
 10753 | Lair:2   | Reached XP level 12. HP: 92/103 MP: 11/11
 10770 | Lair:2   | Found a staircase to the Shoals.
 10847 | Lair:2   | HP: 5/103 [merfolk/+0 trident (10)]
 10848 | Lair:2   | Slain by a merfolk

Illustrated notes

Levels and vault maps discovered:
D:1:      nicolae_arrival_memento_mori, layout_basic, interstate_on_off,
          minmay_pentomino_r4
D:2:      layout_rooms, serial_forest, infiniplex_forest_lined_1,
          infiniplex_forest_corner_1, infiniplex_forest_straight_5,
          infiniplex_forest_clump_small, infiniplex_forest_end_1
D:3:      layout_basic, tgw_kikubaaqudgha
D:4:      layout_basic, minmay_temple_entry_waves
D:5:      layout_basic
D:6:      layout_rooms, basic_altar, ebering_ghost_sewer_d,
          hangedman_decor_clover_reticule
D:7:      layout_cave_pools, slow_altar_1, serial_gnoll_camp,
          gnoll_camp_huts_moat, gnoll_camp_mini_sergeant, gnoll_camp_mini_hut,
          gnoll_camp_mini_hut
D:8:      layout_rooms, erik_lair_dragon, kennysheep_generic_room_12
D:9:      layout_loops_cross, minmay_holes
D:10:     layout_loops_cross, erik_orc_1, nrook_campfire, kennysheep_crisscross
Temple:   regret_index_temple_sigil_plot
Lair:1:   layout_loops_ring, uniq_fannar
Lair:2:   layout_long_grid, elwin_shoals_entry_stream, uniq_gastronok

Skill      XL: |  1  2  3  4  5  6  7  8  9 10 11 |
---------------+----------------------------------+-----
Unarmed Combat | 4 5 6 7 8 10 12 13 14 | 14.2
Dodging        | 3 4 6 7 |  7.8
Armour         | 3 5 7 |  7.1
Fighting       | 5 7 8 |  8.9
Throwing       | |  1.7

Action                   |  1- 3 |  4- 6 |  7- 9 | 10-12 || total
-------------------------+-------+-------+-------+-------++-------
Melee: Unarmed           |    98 |   208 |   371 |   361 ||  1038
       Punch             |     1 |     5 |    17 |    20 ||    43
Throw: Boomerang         |       |       |       |    65 ||    65
       Dart              |       |       |       |     3 ||     3
       Throwing net      |       |       |       |     2 ||     2
Evoke: Wand              |       |       |       |     8 ||     8
  Use: Scroll            |     4 |     7 |    10 |    12 ||    33
       Potion            |       |     1 |     3 |     1 ||     5
 Stab: Held in net/web   |       |       |       |     2 ||     2
Armor: Ring mail         |    28 |    33 |   129 |   123 ||   313
       Chain mail        |       |    34 |       |       ||    34
Dodge: Dodged            |    62 |    85 |   198 |   219 ||   564
Block: Other             |       |    33 |   101 |    93 ||   227
       Reflection        |       |       |    20 |    13 ||    33
